 Dungeon Crawl Stone Soup version 0.29-a0-541-gaf1fc19f1b (webtiles) character file.

Game seed: 11096955383230453556

7989 Heh the Destroyer (level 11, 0/77 HPs)
             Began as an Octopode Hedge Wizard on June 2, 2022.
             Was a High Priest of Okawaru.
             Killed from afar by Fannar (34 damage)
             ... with a bolt of cold
             ... on level 10 of the Dungeon.
             The game lasted 00:35:31 (14121 turns).

Heh the Destroyer (Octopode Hedge Wizard)          Turns: 14121, Time: 00:35:33

Health: 0/77       AC: 10    Str:  9    XL:     11   Next: 23%
Magic:  15/29      EV: 13    Int: 21    God:    Okawaru [*****.]
Gold:   367        SH:  0    Dex: 12    Spells: 1/23 levels left

rFire   . . .      SeeInvis +   a - +2 flail (protect)
rCold   . . .      Faith    .   (no shield)
rNeg    . . .      Spirit   .   b - +2 hat
rPois   .          Reflect  .   e - amulet of the acrobat
rElec   .          Harm     .   f - ring of see invisible
rCorr   .          Rampage  .   h - ring of magical power
Will    .....      Rnd*Tele +   w - ring of wizardry
Stlth   +++.......              M - +4 ring of slaying
HPRegen 0.22/turn               (no ring)
MPRegen 0.21/turn               (no ring)
                                (no ring)
                                (no ring)

@: under a protective aura
A: almost no armour, amphibious, 8 rings, camouflage 1, gelatinous body 1,
(nimble swimmer 1), tentacles, teleportitis 1, MP-powered wands
a: Renounce Religion, Heroism, Finesse, Duel


You were on level 10 of the Dungeon.
You worshipped Okawaru.
Okawaru was extremely pleased with you.
You visited 2 branches of the dungeon, and saw 11 of its levels.

You collected 457 gold pieces.
You spent 90 gold pieces at shops.

Inventory:

Hand Weapons
 a - a +2 flail of protection (weapon)
 k - a +0 glaive
 E - a +1 whip of draining
 G - a +4 dagger of venom
 N - a +4 dagger of holy wrath
Missiles
 g - 47 poisoned darts
 s - 6 silver javelins
 t - 6 boomerangs
 I - 2 curare-tipped darts
Armour
 b - a +2 hat (worn)
Jewellery
 e - an amulet of the acrobat (around mantle)
 f - a ring of see invisible (left tentacle)
 h - a ring of magical power (right tentacle)
 w - a ring of wizardry (on tentacle)
 J - an amulet of faith
 M - a +4 ring of slaying (on tentacle)
Wands
 l - a wand of paralysis (8)
 r - a wand of iceblast (8)
 D - a wand of mindburst (9)
 H - a wand of flame (2)
Scrolls
 j - a scroll of blinking
 m - 2 scrolls of teleportation
 p - 3 scrolls of vulnerability
 u - a scroll of magic mapping
 v - a scroll of torment
 x - 4 scrolls of fog
 C - a scroll of enchant weapon {unknown}
 L - a scroll of immolation {unknown}
Potions
 o - 2 potions of flight {unknown}
 z - a potion of heal wounds
 A - 2 potions of brilliance {unknown}
 K - 4 potions of ambrosia


   Skills:
 * Level 8.0 Fighting
 + Level 2.0 Dodging
 - Level 2.6 Stealth
 * Level 6.5 Spellcasting
 + Level 9.4 Conjurations
 - Level 2.9 Summonings
 - Level 1.0 Translocations
 + Level 7.3 Fire Magic
 + Level 0.0 Ice Magic
 + Level 5.9 Air Magic
 - Level 1.0 Poison Magic


You had one spell level left.
You knew the following spells:

 Your Spells              Type           Power      Damage    Failure   Level
a - Magic Dart            Conj           100%       1d8       1%          1
b - Blink                 Tloc           22%        N/A       4%          2
c - Call Imp              Summ           19%        N/A       1%          2
d - Mephitic Cloud        Conj/Pois/Air  29%        N/A       1%          3
e - Ignite Poison         Fire/Tmut/Pois 18%        N/A       3%          3
f - Sticky Flame          Conj/Fire      42%        2d6       1%          4
g - Scorch                Fire           74%        2d9       1%          2
h - Freezing Cloud        Conj/Ice/Air   14%        6-21      12%         5

Your spell library contained the following spells:

 Spells                   Type           Power      Damage    Failure   Level
 Apportation              Tloc           22%        N/A       2%          1
 Slow                     Hex            24%        N/A       4%          1
 Conjure Flame            Conj/Fire      42%        6-21      1%          3
 Flame Wave               Conj/Fire      42%        2d9       1%          4
 Sublimation of Blood     Necr           6%         N/A       6%          2
 Wereblood                Tmut           6%         N/A       6%          2
 Frozen Ramparts          Ice            12%        1d3       12%         3
 Anguish                  Hex/Necr       3%         N/A       34%         4
 Ice Form                 Ice/Tmut       6%         N/A       34%         4
 Manifold Assault         Tloc           11%        N/A       52%         5
 Alistair's Intoxication  Tmut/Pois      5%         N/A       61%         5
 Enfeeble                 Hex            3%         N/A       100%        7
 Storm Form               Tmut/Air       9%         N/A       100%        7
 Summon Ice Beast         Ice/Summ       Unusable   N/A       N/A         4
 Summon Cactus Giant      Summ           Unusable   N/A       N/A         6
 Summon Hydra             Summ           Unusable   N/A       N/A         7

Dungeon Overview and Level Annotations

Branches:
Dungeon (10/15)            Temple (1/1) D:5            Lair (0/6) D:8
    Orc: D:9-12

Altars:
Ashenzari
Cheibriados
Dithmenos
Elyvilon
Gozag
Hepliaklqana
Kikubaaqudgha
Makhleb
Nemelex Xobeh
Okawaru
Qazlal
Ru
Sif Muna
Trog
Uskayaw
Vehumet
Wu Jian
Xom
Yredelemnul
Zin
The Shining One

Shops:
D:2 ?   D:3 =   D:5 *

Annotations:
D:7 3 runed translucent doors, Slifar's ghost, novice DrWr
D:9 exclusion: statue
D:10 exclusion: oklob plant, Fannar; turdburglar's ghost, journeyman GnAM


Innate Abilities, Weirdness & Mutations

You cannot wear most types of armour.
You are amphibious.
You can wear up to eight rings at the same time.
Your skin changes colour to match your surroundings (Stealth+).
Your rubbery body absorbs attacks. (AC +1, EV +1)
((You are camouflaged when in or above water. (Stealth+)))
You have tentacles for arms and can constrict up to eight enemies at once.
You are occasionally teleported next to monsters.
You expend magic power (3 MP) to strengthen your wands.


Message History

The ball explodes into a vile cloud!
The stinking cloud engulfs Fannar but does no damage.
Fannar is lightly wounded.
The stinking cloud engulfs the kobold but does no damage.
The kobold is engulfed in noxious fumes.
The kobold appears confused.
Fannar hits you with a staff of cold! Fannar freezes you!
You closely miss Fannar. You grab Fannar.
Fannar is lightly wounded.
You constrict Fannar, but do no damage.
The kobold is engulfed in noxious fumes.
The kobold appears confused.
Fannar hits you with a staff of cold. Fannar freezes you!
You hit Fannar but do no damage.
Your weapon exudes an aura of protection.
You squeeze Fannar, but do no damage.
Fannar is lightly wounded.
You constrict Fannar. Fannar hits you with a staff of cold. Fannar freezes you.
The kobold is engulfed in blazing flames.
You kill the kobold!
Fannar hits you but does no damage. Fannar freezes you!
* * * LOW HITPOINT WARNING * * *
You feel much better.
You constrict Fannar. Fannar barely misses you.
Casting: Mephitic Cloud (safe; 1% risk of failure)
Confirm with . or Enter, or press ? or * to list all spells.
Okay, then.
Casting: Mephitic Cloud (safe; 1% risk of failure)
Confirm with . or Enter, or press ? or * to list all spells.
Aiming: Sticky Flame (dangerous; 1% risk of failure)
Press: ? - help, Shift-Dir - straight line, f - Fannar
Aim: Fannar, wielding a staff of cold and wearing a +2 robe of cold resistance (lightly wounded, constricted by you, 100% to hit)
The sticky flame hits Fannar but does no damage.
Fannar is lightly wounded.
Fannar is covered in liquid flames!
You constrict Fannar, but do no damage.
Fannar burns!
The kobold brigand is engulfed in noxious fumes.
The kobold brigand appears confused.
Fannar gestures at you while chanting. The bolt of cold hits you!!
You die...

##.......##
##.........#
#..######...#
##.## .....
##..## .....
##..#.# .
##.....##
##.......#
#....@...#
#....e.°..#
#.#.°°Y°...#
#.##..KK°...#
..#.....!...#
#..........#
#..........#
#..........#


You could see Fannar (burning), an ice beast (summoned), a kobold brigand
(confused) and a kobold.

Vanquished Creatures
  2 two-headed ogres
  2 trolls
  A queen bee (D:9)
  A hornet (D:9)
  A wraith (D:10)
  Eustachio (D:4)
  5 yaks (D:9)
  A steam dragon (D:7)
  Menkaure (D:4)
  Duvessa (D:7)
  2 water moccasins
  6 orc warriors
  An ice beast (D:8)
  A sky beast (D:7)
  An ogre (D:6)
  4 centaurs
  3 phantoms
  4 kobold brigands
  2 bullfrogs
  A necrophage (D:4)
  A scorpion (D:6)
  A gnoll sergeant (D:10)
  Dowan (D:7)
  25 killer bees (D:9)
  4 howler monkeys
  A gnoll shaman (D:6)
  6 orc priests
  2 hounds
  A jelly (D:6)
  5 iguanas
  13 orc wizards
  8 gnolls
  4 adders
  A shadow imp (D:7)
  2 white imps
  A worm (D:8)
  A dart slug (D:1)
  25 orcs
  6 endoplasms
  5 giant cockroaches
  9 goblins
  3 hobgoblins
  2 jackals (D:1)
  24 kobolds
  A quokka (D:3)
  5 ball pythons
  6 bats
  3 frilled lizards
  3 rats
210 creatures vanquished.

Vanquished Creatures (collateral kills)
  A necrophage (D:5)
  A killer bee (D:9)
  A hound (D:5)
  A jelly (D:5)
  4 orcs (D:5)
  A ball python (D:1)
  An endoplasm (D:1)
10 creatures vanquished.

Grand Total: 220 creatures vanquished

Notes
Turn   | Place    | Note
-------+----------+-------------------------------------------
     0 | D:1      | Heh the Octopode Hedge Wizard began the quest for the Orb.
     0 | D:1      | Reached XP level 1. HP: 11/11 MP: 4/4
   189 | D:1      | Reached XP level 2. HP: 11/17 MP: 6/6
   204 | D:1      | Learned a level 2 spell: Blink
   207 | D:1      | Learned a level 2 spell: Call Imp
  1080 | D:1      | Reached XP level 3. HP: 8/22 MP: 8/8
  1084 | D:1      | HP: 1/22 [bat (1)]
  1372 | D:1      | Learned a level 3 spell: Mephitic Cloud
  1693 | D:2      | Reached skill level 1 in Fighting
  1723 | D:2      | Found a faded altar of an unknown god.
  1955 | D:2      | Found Meniudui's Magic Scroll Shop.
  2379 | D:3      | Found Odasi's Jewellery Shoppe.
  2485 | D:2      | Bought a scroll of enchant armour for 90 gold pieces
  2506 | D:3      | Reached XP level 4. HP: 28/28 MP: 9/9
  2507 | D:3      | You fall into a shaft and drop 3 floors!
  2512 | D:6      | Noticed a centaur
  2516 | D:5      | Entered Level 5 of the Dungeon
  2644 | D:5      | Noticed a necrophage
  2675 | D:5      | Killed a necrophage
  2676 | D:5      | Reached skill level 1 in Poison Magic
  2676 | D:5      | Reached XP level 5. HP: 19/33 MP: 10/11
  2944 | D:5      | Reached skill level 2 in Conjurations
  2944 | D:5      | Reached skill level 1 in Air Magic
  3009 | D:5      | Learned a level 3 spell: Ignite Poison
  3045 | D:5      | Found Epnuhe's Assorted Antiques.
  3381 | D:5      | Found a staircase to the Ecumenical Temple.
  3406 | Temple   | Entered the Ecumenical Temple
  3478 | Temple   | Became a worshipper of Warmaster Okawaru
  3556 | D:5      | Reached XP level 6. HP: 30/39 MP: 12/12
  3786 | D:5      | Reached skill level 1 in Fire Magic
  3794 | D:5      | Reached skill level 3 in Conjurations
  4642 | D:4      | Noticed Eustachio
  5135 | D:4      | Killed Eustachio
  5136 | D:4      | Reached XP level 7. HP: 15/45 MP: 13/13
  5544 | D:4      | Reached skill level 4 in Conjurations
  6021 | D:4      | Reached * piety under Okawaru
  6197 | D:4      | Noticed Menkaure
  6209 | D:4      | Killed Menkaure
  6210 | D:4      | Reached XP level 8. HP: 11/52 MP: 14/14
  6626 | D:6      | Learned a level 4 spell: Sticky Flame
  6655 | D:6      | Reached skill level 5 in Conjurations
  6760 | D:6      | HP: 2/54 [poisoned by a kobold]
  7207 | D:6      | Reached ** piety under Okawaru
  7224 | D:6      | Reached skill level 5 in Fire Magic
  7734 | D:6      | Reached skill level 6 in Conjurations
  7826 | D:6      | Reached skill level 5 in Spellcasting
  7831 | D:6      | Learned a level 2 spell: Scorch
  7978 | D:6      | Reached XP level 9. HP: 54/59 MP: 10/16
  8381 | D:7      | Noticed Dowan
  8384 | D:7      | Noticed Duvessa
  8387 | D:7      | Killed Dowan
  8390 | D:7      | Reached *** piety under Okawaru
  8391 | D:7      | Killed Duvessa
  8416 | D:7      | Found a shimmering blue altar of Sif Muna.
  8756 | D:7      | Found an ornate altar of the Wu Jian Council.
  8776 | D:7      | Noticed Slifar's ghost (novice DrWr)
  8781 | D:7      | Found a runed translucent gate.
  8781 | D:7      | Found a runed translucent gate.
  8781 | D:7      | Found a runed translucent gate.
  8782 | D:7      | Noticed a boulder beetle
  8843 | D:7      | Reached skill level 7 in Conjurations
  9154 | D:7      | Reached skill level 5 in Fighting
 10393 | D:8      | Reached **** piety under Okawaru
 10722 | D:8      | Gained mutation: You expend magic power (3 MP) to
                  | strengthen your wands. [potion of mutation]
 10723 | D:8      | Lost mutation: You expend magic power (3 MP) to strengthen
                  | your wands. [potion of mutation]
 10723 | D:8      | Gained mutation: You are occasionally teleported next to
                  | monsters. [potion of mutation]
 10723 | D:8      | Gained mutation: You expend magic power (3 MP) to
                  | strengthen your wands. [potion of mutation]
 10964 | D:8      | Found a staircase to the Lair.
 11082 | D:8      | Found a snail-covered altar of Cheibriados.
 11225 | D:9      | Reached XP level 10. HP: 61/68 MP: 18/18
 11253 | D:9      | Noticed a two-headed ogre
 11261 | D:9      | Killed a two-headed ogre
 11262 | D:9      | Reached skill level 8 in Conjurations
 11911 | D:10     | Entered Level 10 of the Dungeon
 12000 | D:9      | Reached ***** piety under Okawaru
 12538 | D:9      | Found a radiant altar of Vehumet.
 12682 | D:9      | Reached skill level 5 in Air Magic
 12692 | D:9      | Reached skill level 9 in Conjurations
 12851 | D:9      | Reached XP level 11. HP: 42/76 MP: 13/20
 13375 | D:10     | Noticed a boulder beetle
 13383 | D:10     | Noticed turdburglar's ghost (journeyman GnAM)
 13383 | D:10     | Noticed an oklob plant
 13568 | D:10     | Noticed a two-headed ogre
 13575 | D:10     | Killed a two-headed ogre
 13575 | D:10     | Received a gift from Okawaru
 13921 | D:10     | Learned a level 5 spell: Freezing Cloud
 14111 | D:10     | Noticed Fannar
 14121 | D:10     | Killed from afar by Fannar

Illustrated notes

Levels and vault maps discovered:
D:1:      zelgadis_glass_arrival_small, layout_basic
D:2:      layout_basic, serial_shops, shop, chequers_ecumenical_altar_grove,
          minmay_statues_item, minmay_misc_feat_pillars
D:3:      layout_rooms, serial_shops,
          nicolae_shop_temple_entry_statues_fountains
D:4:      layout_rooms, uniq_menkaure, uniq_eustachio
D:5:      layout_cave_pools, minmay_temple_entry_statues_pillars, serial_shops,
          nicolae_shop_stone
D:6:      layout_gridville, minmay_a_box_with_orc_wizards_in_it
D:7:      layout_layer_cave, chequers_temple_overflow_statue_of_worship,
          gammafunk_ghost_split, uniq_duvessa
D:8:      layout_cave_pods, cheibrodos_worm_habitat, lair_entry_dummy,
          minmay_fountain_box
D:9:      minmay_angry_zag, layout_small_grid, vehumet_statue, special_room
          [special_room_bee]
D:10:     layout_cave_pods, david_orc_4, nzn_ghost_randoct, uniq_snorg,
          uniq_fannar
Temple:   regret_index_temple_mists

Skill      XL: |  1  2  3  4  5  6  7  8  9 10 11 |
---------------+----------------------------------+-----
Fighting       | 1 2 3 4 5 7 8 |  8.0
Spellcasting   | 4 5 6 |  6.5
Summonings     | 2 |  2.9
Poison Magic   | 1 |  1.0
Conjurations   | 2 3 4 6 7 9 |  9.4
Air Magic      | 1 3 5 |  5.9
Fire Magic     | 2 3 5 6 7 |  7.3
Dodging        | |  2.0
Stealth        | |  2.6
Translocations | |  1.0

Action                   |  1- 3 |  4- 6 |  7- 9 | 10-12 || total
-------------------------+-------+-------+-------+-------++-------
Melee: Dagger            |    22 |    17 |   133 |    58 ||   230
       Constrict         |    20 |    12 |    41 |    17 ||    90
       Tentacles         |    13 |    16 |    46 |    21 ||    96
       Spear             |    43 |       |       |       ||    43
       Punch             |     1 |       |     1 |       ||     2
       Quarterstaff      |    31 |    47 |       |       ||    78
       Whip              |       |       |    23 |       ||    23
       Short sword       |       |       |     3 |       ||     3
       Flail             |       |       |       |    22 ||    22
 Cast: Call Imp          |     3 |    10 |       |       ||    13
       Magic Dart        |     5 |    23 |     2 |     2 ||    32
       Blink             |     2 |     4 |     3 |     6 ||    15
       Mephitic Cloud    |       |     8 |    51 |    40 ||    99
       Ignite Poison     |       |       |    19 |    22 ||    41
       Sticky Flame      |       |       |    10 |     4 ||    14
       Scorch            |       |       |     8 |    18 ||    26
       Freezing Cloud    |       |       |       |     1 ||     1
Invok: Heroism           |       |       |     1 |       ||     1
  Use: Potion            |     2 |       |     4 |     3 ||     9
       Scroll            |     1 |     1 |     5 |     4 ||    11
 Stab: Sleeping          |    10 |     4 |     2 |     1 ||    17
       Confused          |       |     2 |     7 |     3 ||    12
       Distracted        |       |       |     1 |     1 ||     2
Armor: Skin              |    12 |     6 |    27 |    16 ||    61
Dodge: Dodged            |    82 |    44 |    99 |    88 ||   313

Table legend: (Time is in decaauts)
 A = Elapsed time spent in this place.
 B = Non-inter-level travel time spent in this place.
 C = Inter-level travel time spent in this place.
 D = Time resting spent in this place.
 E = Time spent auto-exploring this place.
 F = Levels seen in this place.
 G = Mean time per level.
                   A        B        C        D        E       F      G
               +--------+--------+--------+--------+--------+-----+--------+
         Total |  14179 |  13601 |    578 |   5383 |   6337 |  11 | 1289.0 |
       Dungeon |  14090 |  13528 |    562 |   5383 |   6329 |  10 | 1409.0 |
        Temple |     88 |     72 |     16 |      0 |      8 |   1 |   88.0 |
               +--------+--------+--------+--------+--------+-----+--------+

Top non-repeatable levels by time:
     D:5: 2271 daAuts
     D:7: 1980 daAuts
     D:9: 1903 daAuts
     D:1: 1653 daAuts
     D:8: 1368 daAuts
     D:6: 1301 daAuts
     D:3: 1253 daAuts
     D:4: 877 daAuts
     D:2: 785 daAuts
    D:10: 695 daAuts
  Temple: 88 daAuts
